[Event "*** Titled Tuesday Blitz"]
[Site "Chess.com"]
[Date "2021.02.09"]
[Round "8"]
[White "oykuince"]
[Black "CraiggoryC"]
[Result "1-0"]
[WhiteElo "1988"]
[BlackElo "2162"]
[TimeControl "180+1"]
[EndTime "11:29:05 PST"]
[Termination "oykuince won on time"]

1. e4 e6 2. d4 d5 3. Nd2 Be7 4. e5 c5 5. c3 Nc6 6. Qg4 Kf8 7. Bd3 f6 8. Ngf3 cxd4 9. cxd4 Nh6 10. Qf4 Kg8 11. O-O Nf7 12. exf6 Bxf6 13. Nb3 Qd6 14. Qe3 b6 15. a4 a5 16. Bd2 Bd7 17. Rfe1 g6 18. Bb5 Kg7 19. Bxc6 Qxc6 20. Ne5 Bxe5 21. dxe5 Rhf8 22. Nd4 Qb7 23. Rac1 Rac8 24. Bc3 Rc4 25.
f4 Rxa4 26. g4 Rc8 27. f5 exf5 28. gxf5 Bxf5 29. Nxf5+ gxf5 30. e6+ 1-0

[Event "*** Titled Tuesday Blitz"]
[Site "Chess.com"]
[Date "2021.02.09"]
[Round "8"]
[White "Tenamu"]
[Black "OlifantCZ"]
[Result "1-0"]
[WhiteElo "2412"]
[BlackElo "2270"]
[TimeControl "180+1"]
[EndTime "11:29:08 PST"]
[Termination "Tenamu won by checkmate"]

1. e4 e6 2. d4 d5 3. Nd2 c5 4. exd5 Qxd5 5. Ngf3 cxd4 6. Bc4 Qd6 7. O-O Nf6 8. Nb3 Nc6 9. Nbxd4 a6 10. b3 Nxd4 11. Nxd4 Bd7 12. a4 Qc7 13. h3 Bd6 14. Re1 h6 15.
Nf5 Be5 16. Nxg7+ Kf8 17. Nxe6+ fxe6 18. Ba3+ Kf7 19. Ra2 Rag8 20. c3 Bc6 21. f4 Qb6+ 22. Kh1 Rg3 23. Bxe6+ Kg7 24. Rxe5 Rd8 25. Qe1 Rdd3 26. Kh2 Rxc3 27. Bf5 Ng8 28. Re7+ Nxe7 29. Qxe7+ Kh8 30. Qh7# 1-0

[Event "*** Titled Tuesday Blitz"]
[Site "Chess.com"]
[Date "2021.02.09"]
[Round "8"]
[White "NikolaMa2000"]
[Black "ChampStan"]
[Result "0-1"]
[WhiteElo "1879"]
[BlackElo "2229"]
[TimeControl "180+1"]
[EndTime "11:29:08 PST"]
[Termination "ChampStan won by resignation"]

1. d4 d5 2. c4 e6 3. Nc3 Bb4 4. Bd2 dxc4 5. e3 Nf6 6. Bxc4 c5 7. Nf3 O-O 8. O-O cxd4 9. exd4 b6 10. Bg5 Bb7 11. a3 Be7 12. Re1 Nbd7 13. d5 exd5 14. Nxd5 Bxd5 15. Bxd5 Nxd5 16. Qxd5 Bxg5 17. Nxg5 Nc5 18.
Rad1 h6 19. Ne4 Nxe4 20. Qxe4 Qf6 21. b4 a5 22. Rd7 axb4 23. axb4 Ra2 24. Qf3 Qg6 25.
g3 Rb2 26. Re4 Rb1+ 27. Kg2 Qc6 28. Rf4 Qxd7 29. Rxf7 Qxf7 30. Qd3 Qxf2+ 0-1

[Event "*** Titled Tuesday Blitz"]
[Site "Chess.com"]
[Date "2021.02.09"]
[Round "8"]
[White "Grimlock_Glasgow"]
[Black "Taktikmonster"]
[Result "1-0"]
[WhiteElo "2467"]
[BlackElo "2278"]
[TimeControl "180+1"]
[EndTime "11:29:09 PST"]
[Termination "Grimlock_Glasgow won on time"]

1. e4 c5 2. Nc3 Nc6 3. Bb5 Nd4 4. Nf3 g6 5. O-O Bg7 6. Bc4 e6 7. Nxd4 cxd4 8. Nb5 d6 9. c3 Ne7 10. Nxd4 Bxd4 11. cxd4 Qb6 12. d5 exd5 13. exd5 O-O 14. d3 Nf5 15. Re1 Bd7 16. Qd2 Qd4 17. Re4 Qf6 18.
a4 a6 19. a5 Rfe8 20. Rb1 Rac8 21. b3 Bb5 22. Bb2 Qd8 23. Qc3 Re5 24. f4 Bxc4 25.
bxc4 Qe7 26. fxe5 dxe5 27. Qxe5 Qxe5 28. Rxe5 f6 29. Re6 Kf7 30. Rbe1 Kg7 31. g4 Nh4 32.
Bxf6+ Kh6 33. Bxh4 Rc5 34. Re7 Rxa5 35. R1e5 1-0

[Event "*** Titled Tuesday Blitz"]
[Site "Chess.com"]
[Date "2021.02.09"]
[Round "8"]
[White "ailime26"]
[Black "davigator"]
[Result "0-1"]
[WhiteElo "2126"]
[BlackElo "2368"]
[TimeControl "180+1"]
[EndTime "11:29:10 PST"]
[Termination "davigator won by resignation"]

1. e4 c5 2. Nf3 Nc6 3. d4 cxd4 4. Nxd4 Nf6 5. Nc3 d6 6. Be3 Ng4 7. Bc1 Qb6 8. Bb5 Bd7 9. Bxc6 bxc6 10. O-O e5 11.
Nf5 Bxf5 12. exf5 Nf6 13. Be3 Qxb2 14. Qd3 Qb7 15. Bg5 Be7 16. Rab1 Qc7 17. Qa6 Qc8 18. Rb7 Bd8 19. Rfb1 O-O 20. Bxf6 Bxf6 21. Ne4 Qxf5 22.
Nxd6 Qxc2 23. Re1 Rad8 24. Ne4 Rd1 25. Qf1 Rxe1 26. Nxf6+ gxf6 27. Qxe1 Rd8 28. Rb1 Qxa2 29. g3 Qa4 30. Qc3 Rd1+ 31. Rxd1 Qxd1+ 32. Kg2 Qd5+ 33. Kg1 a5 34. Qa3 f5 35. Qb2 h6 36. Qc1 Kg7 37.
Qb2 a4 38. Qb4 Qb5 39. Qe7 Qb1+ 40. Kg2 Qe4+ 41. Kg1 Qd4 42. Qa3 c5 43. Kg2 f4 44.
gxf4 exf4 45. Qf3 f5 46. Qb7+ Kg6 47. Qc6+ Kg7 48. Qc7+ Kf6 49. Qc6+ Ke5 50. Qe8+ Kd5 51. Qd7+ Ke4 52. Qe7+ Kd3 53. Qe1 Qe4+ 0-1

[Event "*** Titled Tuesday Blitz"]
[Site "Chess.com"]
[Date "2021.02.09"]
[Round "8"]
[White "MatthewG-p4p"]
[Black "FairChess_on_YouTube"]
[Result "1-0"]
[WhiteElo "2838"]
[BlackElo "2933"]
[TimeControl "180+1"]
[EndTime "11:29:13 PST"]
[Termination "MatthewG-p4p won by resignation"]

1. d4 d5 2. c4 c6 3. Nf3 Nf6 4.
Nc3 a6 5. e3 Bf5 6. Qb3 b5 7.
c5 a5 8. Ne5 a4 9. Qd1 h5 10. f3 e6 11. Be2 Be7 12. O-O O-O 13.
Bd2 Nfd7 14. f4 g6 15. h3 h4 16. Nf3 Na6 17. Be1 Nb4 18. Rc1 a3 19. bxa3 Rxa3 20.
Nxb5 Rxe3 21. Bxb4 cxb5 22. Qd2 Re4 23. Bxb5 Nf6 24. a4 Nh5 25. Ne5 Qc7 26. Ba5 Qc8 27.
c6 Bd6 28. c7 f6 29. Bd7 Qa6 30. c8=Q Rxc8 31. Rxc8+ Kg7 32. Rc6 Qe2 33. Qxe2 Rxe2 34. Rxd6 fxe5 35. dxe5 Ng3 36. Rf2 Re4 37. Rxe6 Rxa4 38.
Bxa4 1-0

[Event "*** Titled Tuesday Blitz"]
[Site "Chess.com"]
[Date "2021.02.09"]
[Round "8"]
[White "Gusarov91"]
[Black "kai_nov"]
[Result "1-0"]
[WhiteElo "2240"]
[BlackElo "2358"]
[TimeControl "180+1"]
[EndTime "11:29:14 PST"]
[Termination "Gusarov91 won on time"]

1. e4 c5 2. Nf3 Nc6 3. Bb5 e6 4. Bxc6 bxc6 5. O-O Ne7 6. c4 Ng6 7. Nc3 e5 8. d3 Be7 9. Be3 O-O 10. Na4 d6 11. Rb1 a5 12. Nd2 f5 13. f3 Bg5 14.
Qe2 Bxe3+ 15. Qxe3 Nf4 16. g3 Nh3+ 17. Kg2 f4 18.
Qe1 h5 19. Kh1 Rb8 20. b3 Qg5 21. Rb2 fxg3 22. Qxg3 Qh6 23. Nc3 Rf6 24. Qe1 Rg6 25. Ne2 h4 26. f4 exf4 27. Nf3 Bg4 28. Nxh4 Rf6 29. Ng1 Nxg1 30. Rxg1 Qh5 31. Rbg2 Bf3 32. Nxf3 Qxf3 33. Qe2 Qxe2 34. Rxe2 a4 35. bxa4 Rb4 36. e5 Re6 37. Rf1 dxe5 38. Rxf4 Rxa4 39. Rfe4 Kf7 40. Rxe5 Rxe5 41. Rxe5 Rxa2 42. Rxc5 Rd2 43. Rxc6 Rxd3 44. Kg2 Rc3 45. h3 g5 46. Kh2 Kg7 47. Rc5 Kf6 48. Rc8 Kf5 49. c5 Kf4 50. Rf8+ Ke4 51.
Re8+ Kf3 52. Rf8+ Ke4 53. Kg2 Rxc5 54. Kg3 1-0

[Event "*** Titled Tuesday Blitz"]
[Site "Chess.com"]
[Date "2021.02.09"]
[Round "8"]
[White "Dedic8"]
[Black "Alexander_Zubov"]
[Result "0-1"]
[WhiteElo "2821"]
[BlackElo "2980"]
[TimeControl "180+1"]
[EndTime "11:29:15 PST"]
[Termination "Alexander_Zubov won by resignation"]

1. e4 c5 2. Nf3 e6 3. d4 cxd4 4. Nxd4 a6 5. Bd3 Bc5 6. Nb3 Be7 7. O-O d6 8. c4 Nf6 9. Nc3 O-O 10. Be3 b6 11. f3 Nc6 12. Qd2 Bb7 13. Qf2 Nd7 14. Rad1 Rc8 15. f4 Nb4 16. Be2 Qc7 17. a3 Nc6 18.
Nd4 Qb8 19. Qg3 Bf6 20. e5 Nxd4 21. Rxd4 Nxe5 22. fxe5 Bxe5 23. Qg4 f5 24. Qh3 Bxd4 25. Bxd4 e5 26. Bf2 Kh8 27. Rd1 b5 28. cxb5 axb5 29. Bxb5 d5 30. Nxd5 Rfd8 31. Nc3 Rxd1+ 32. Nxd1 Bxg2 33.
Kxg2 Qxb5 34. Qxf5 Qd5+ 35. Qf3 e4 36. Qe3 Qxd1 37. Qxe4 h6 38. a4 Rf8 39. a5 Qd2 0-1

[Event "*** Titled Tuesday Blitz"]
[Site "Chess.com"]
[Date "2021.02.09"]
[Round "8"]
[White "csati17"]
[Black "Alex-11211"]
[Result "1-0"]
[WhiteElo "2576"]
[BlackElo "2417"]
[TimeControl "180+1"]
[EndTime "11:29:15 PST"]
[Termination "csati17 won by resignation"]

1. c4 g6 2. g3 Bg7 3. Bg2 c5 4. Nc3 Nc6 5. e4 e6 6. Nge2 Nge7 7. O-O O-O 8. Rb1 b6 9. a3 Bb7 10. b4 d6 11. d3 Qd7 12. Be3 Nd4 13. Qd2 Nec6 14. f4 f5 15. Kh1 Rad8 16. h4 Nxe2 17. Nxe2 Nd4 18. Nxd4 Bxd4 19. Bg1 e5 20. Bxd4 cxd4 21.
Kh2 fxe4 22. dxe4 Rc8 23. Rbc1 Ba6 24. Bh3 Qe7 25. Bxc8 Rxc8 26. f5 Bxc4 27. fxg6 hxg6 28. Qh6 Qg7 29. Qg5 b5 30. Rf6 Kh7 31. h5 gxh5 32.
Qxh5+ Kg8 33. Rg6 Rc7 34. Rc2 d3 35. Rf2 d2 36. Rxg7+ Rxg7 37. Qe8+ Kh7 38. Rxd2 Rg6 39. Qe7+ Kh6 40. Rxd6 1-0

[Event "*** Titled Tuesday Blitz"]
[Site "Chess.com"]
[Date "2021.02.09"]
[Round "8"]
[White "goldihouse"]
[Black "MergenKakabaev"]
[Result "1-0"]
[WhiteElo "2547"]
[BlackElo "2404"]
[TimeControl "180+1"]
[EndTime "11:29:16 PST"]
[Termination "goldihouse won by resignation"]

1. c4 Nf6 2. g3 c6 3. Nf3 d5 4. Bg2 e6 5. O-O Bd6 6. b3 O-O 7. Nc3 b6 8. d3 Bb7 9. e4 Nbd7 10.
Bb2 dxe4 11. dxe4 Ne5 12. Qe2 Nxf3+ 13. Bxf3 Be5 14. Rad1 Qe7 15. Na4 Bxb2 16. Nxb2 e5 17. Rd2 c5 18. Rfd1 Rad8 19. Na4 Rd4 20. Nc3 Rfd8 21.
Bg2 Bc6 22. Nd5 Bxd5 23. exd5 Kf8 24. Re1 Re8 25. Rd3 Rxd3 26. Qxd3 e4 27. Qc3 Qe5 28. Qxe5 Rxe5 29. Bh3 Ne8 30. f4 Re7 31. Kf2 Nd6 32. g4 f5 33. gxf5 Kf7 34. Ke3 Kf6 35.
Rg1 a6 36. Rc1 Rc7 37. Bg2 Nxf5+ 38. Kxe4 Re7+ 39. Kd3 Nd4 40. Be4 g6 41. b4 Rb7 42.
Rb1 Nf5 43. bxc5 b5 44. cxb5 axb5 45. c6 Ra7 46. Bxf5 gxf5 47. d6 Ke6 48. d7 Ra8 49.
Rxb5 Kd6 50. Rb6 Kc7 51. Rb4 Kxc6 52. Rd4 Kc7 53. d8=Q+ Rxd8 54. Rxd8 Kxd8 55. Kd4 Kd7 56. Ke5 1-0

[Event "*** Titled Tuesday Blitz"]
[Site "Chess.com"]
[Date "2021.02.09"]
[Round "8"]
[White "alexrustemov"]
[Black "dozer80"]
[Result "0-1"]
[WhiteElo "2747"]
[BlackElo "2633"]
[TimeControl "180+1"]
[EndTime "11:29:17 PST"]
[Termination "dozer80 won by checkmate"]

1. d4 d5 2. c4 c6 3. Nc3 Nf6 4. e3 a6 5. Nf3 Bf5 6. Qb3 Ra7 7. cxd5 cxd5 8. Bd2 e6 9. Ne5 Nfd7 10. Qa4 Be7 11. Bb5 f6 12. Nxd7 Nxd7 13. Rc1 b6 14. Bxa6 O-O 15.
Nb5 Ra8 16. Nc7 Nc5 17. dxc5 Qxc7 18. cxb6 Qxb6 19. Rc6 Qxb2 20. Ke2 Rfb8 21. Rhc1 Bb4 22. Rd1 e5 23. f3 Bd7 24. Ke1 Bxd2+ 25. Rxd2 Qa1+ 26.
Ke2 Bxc6 27. Qxc6 Rd8 28. a4 d4 29. e4 Kh8 30. Bb5 Qa3 31. Qe6 Qe3+ 32. Kd1 d3 33. Bc4 Qg1# 0-1

[Event "*** Titled Tuesday Blitz"]
[Site "Chess.com"]
[Date "2021.02.09"]
[Round "8"]
[White "kekic76"]
[Black "EdmundPlayer"]
[Result "1-0"]
[WhiteElo "2376"]
[BlackElo "2181"]
[TimeControl "180+1"]
[EndTime "11:29:17 PST"]
[Termination "kekic76 won on time"]

1. e4 e6 2. d4 d5 3. e5 c5 4. c3 Nc6 5. Be2 Qb6 6. Nf3 cxd4 7.
cxd4 Nge7 8. Na3 Nf5 9. Nc2 h5 10. O-O Be7 11. h3 Bd7 12. a3 a5 13. Rb1 a4 14. Be3 Na5 15. g4 hxg4 16. hxg4 Nh4 17.
Nxh4 Rxh4 18. Kg2 O-O-O 19. Rh1 Rdh8 20. Rxh4 Rxh4 21. Kg3 Qd8 22. Nb4 Nb3 23. Qd3 Qh8 24.
Bf1 Rh1 25. Bg2 Qh4+ 26. Kf3 Rh2 27. Rg1 Bg5 28. Nc2 Qh8 29. Bxg5 f6 30. Bf4 Rh4 31. exf6 gxf6 32. Qc3+ Kd8 33. Qc7+ Ke7 34. Qd6+ Kd8 35. Qb8+ Ke7 36. Qxh8 Rxh8 37. Rh1 Rc8 38. Rh7+ Kf8 39. Rh8+ Kg7 40. Rxc8 Bxc8 41. Nb4 Bd7 42. Bf1 Kf7 43. Be3 e5 44. Nc2 e4+ 45. Kg3 1-0

[Event "*** Titled Tuesday Blitz"]
[Site "Chess.com"]
[Date "2021.02.09"]
[Round "8"]
[White "m_ezat"]
[Black "jacky72"]
[Result "0-1"]
[WhiteElo "2557"]
[BlackElo "2705"]
[TimeControl "180+1"]
[EndTime "11:29:18 PST"]
[Termination "jacky72 won by resignation"]

1. d4 Nf6 2. c4 g6 3. Nc3 Bg7 4. e4 O-O 5. Be2 d6 6. Bg5 Na6 7. Qd2 Qe8 8. h4 c5 9. d5 e6 10. h5 exd5 11. exd5 Ne4 12. Nxe4 Qxe4 13. Bh6 Qxg2 14.
Bf3 Re8+ 15. Be3 Qg5 16. Kf1 Qf6 17. hxg6 fxg6 18. Kg2 Qxb2 19. Qxb2 Bxb2 20. Rb1 Bg7 21. Ne2 Nb4 22. a3 Nd3 23. Ng3 Ne5 24. Be2 b6 25. a4 Ba6 26. Rhc1 h5 27. Ne4 Nf7 28. Bd3 Bc8 29. Ng3 Ne5 30. Be2 Bg4 31. Bxg4 Nxg4 32. Bf4 Be5 33. Bg5 Rf8 34. Ne4 Rf5 35. f3 Nh2 36. f4 Bxf4 37. Bxf4 Rxf4 38. Nxd6 Ng4 39. Kg3 Raf8 40. Re1 Nf2 41. Re8 Rg4+ 42. Kh2 Rxe8 43. Nxe8 Rxc4 44. Rf1 Ng4+ 45. Kg3 Ne3 46. Nf6+ Kg7 47.
Ne8+ Kh6 48. Rf7 Nxd5 49. Rxa7 Kg5 50. Nd6 Rc3+ 51. Kf2 Kg4 52. Rg7 Rc2+ 53. Ke1 Kg5 54. Rd7 Ne3 55. Rb7 Kg4 56. Rxb6 Kf3 0-1

[Event "*** Titled Tuesday Blitz"]
[Site "Chess.com"]
[Date "2021.02.09"]
[Round "8"]
[White "NaciSAN"]
[Black "The_Machine04"]
[Result "0-1"]
[WhiteElo "2302"]
[BlackElo "2468"]
[TimeControl "180+1"]
[EndTime "11:29:18 PST"]
[Termination "The_Machine04 won on time"]

1. e4 d6 2. d4 Nf6 3. Nc3 e5 4. Nf3 Nbd7 5. g3 b6 6. Bg2 Ba6 7. a4 Be7 8. d5 O-O 9. Nd2 Rc8 10. Bf1 Bxf1 11. Kxf1 c6 12. dxc6 Rxc6 13. Kg2 Nc5 14. Re1 a6 15. Nd5 Nxd5 16. exd5 Rc7 17. c4 a5 18. Qe2 Qd7 19. b3 f5 20. Bb2 Bf6 21. f4 e4 22. Bxf6 Rxf6 23. Qe3 Qf7 24. Nf1 Qh5 25. Rab1 Nd3 26. Red1 Rb7 27. Rxd3 exd3 28.
Qxd3 Re7 29. Rb2 Rf8 30. Rf2 Rfe8 31. Qd4 Re2 32. Qxb6 Rxf2+ 33. Kxf2 Re2+ 34. Kg1 Qf3 35. Qd8+ Kf7 36. Qd7+ Kg6 37. Qxd6+ Kh5 38. g4+ Kh4 39.
Qd8+ Kh3 0-1

[Event "*** Titled Tuesday Blitz"]
[Site "Chess.com"]
[Date "2021.02.09"]
[Round "8"]
[White "kakorrhaphiophobie"]
[Black "Srisshhhtea"]
[Result "0-1"]
[WhiteElo "2326"]
[BlackElo "2500"]
[TimeControl "180+1"]
[EndTime "11:29:19 PST"]
[Termination "Srisshhhtea won on time"]

1. d4 d5 2. c4 e6 3. Nf3 Be7 4. Nc3 Nf6 5. Bf4 O-O 6. e3 b6 7. cxd5 Nxd5 8. Nxd5 Qxd5 9. Bd3 Ba6 10. Bxc7 Bb4+ 11. Ke2 Rc8 12. Bg3 Bc4 13. Rc1 Nd7 14.
b3 Bxd3+ 15. Qxd3 Qa5 16. Qb1 Qa6+ 17. Kd1 Rxc1+ 18. Kxc1 Rc8+ 19. Kd1 Nf6 20. Nd2 Nd5 21. Qb2 Ba3 22. Qa1 Rc1+ 23. Qxc1 Bxc1 24. Kxc1 Qxa2 25. Rf1 Nc3 26. h4 Nd5 27. Kd1 Nc3+ 28. Kc1 a5 29. h5 b5 30. h6 gxh6 31. Bd6 a4 32. bxa4 bxa4 33. e4 Nxe4 34. Nxe4 Qc4+ 35. Kd2 Qxf1 36. Ke3 Qxg2 37. Nf6+ Kg7 38. Be5 Qh3+ 39. f3 Kg6 40. Ng8 Qh4 0-1

[Event "*** Titled Tuesday Blitz"]
[Site "Chess.com"]
[Date "2021.02.09"]
[Round "8"]
[White "MasterMK73"]
[Black "Noam_Vitenberg"]
[Result "0-1"]
[WhiteElo "2224"]
[BlackElo "2401"]
[TimeControl "180+1"]
[EndTime "11:29:19 PST"]
[Termination "Noam_Vitenberg won on time"]

1. e4 g6 2. d4 Bg7 3. g3 e6 4.
Bg2 Ne7 5. Ne2 d5 6. e5 O-O 7. O-O c5 8. c3 Nbc6 9. Na3 b6 10.
Nc2 Ba6 11. Re1 Bxe2 12. Rxe2 Rc8 13. Bf4 Qd7 14. Qd2 Rfd8 15. Bg5 cxd4 16. cxd4 Na5 17. Bf6 Nc4 18. Qg5 h6 19. Qf4 Nxb2 20. Bxg7 Kxg7 21.
Qf6+ Kg8 22. Ne3 Nc4 23. Ng4 Nf5 24. h4 h5 25. Ne3 Qe7 26. Nxf5 Qxf6 27. Nh6+ Kg7 28.
exf6+ Kxh6 29. g4 hxg4 30. f3 gxf3 31. Bxf3 Nd6 32. h5 g5 33. Bg4 Rc4 34. Rd1 Ne4 0-1

[Event "*** Titled Tuesday Blitz"]
[Site "Chess.com"]
[Date "2021.02.09"]
[Round "8"]
[White "chessmadara"]
[Black "A-S-00"]
[Result "1-0"]
[WhiteElo "2169"]
[BlackElo "2284"]
[TimeControl "180+1"]
[EndTime "11:29:19 PST"]
[Termination "chessmadara won on time"]

1. c4 e5 2. g3 Nf6 3. Bg2 c6 4. Nf3 e4 5. Nd4 d5 6. cxd5 cxd5 7. O-O Be7 8. d3 O-O 9. Nc3 Nc6 10. dxe4 dxe4 11.
Nxc6 bxc6 12. Nxe4 Nd5 13. Bd2 Rb8 14. b3 f5 15. Nc3 Bf6 16. Rc1 Bb7 17. Nxd5 cxd5 18. Bf4 Rc8 19. Rxc8 Bxc8 20. Qxd5+ Kh8 21. Rd1 Qb6 22. Qd6 Qxd6 23. Rxd6 Re8 24. e3 Be7 25. Rd1 Be6 26. Be5 Kg8 27. Bd5 Bc5 28. Bxe6+ Rxe6 29. Bd4 Rd6 30. Kf1 Kf7 31. Ke2 Bxd4 32. Rxd4 Rc6 33.
Rd7+ Kf6 34. Rxa7 Rc2+ 35. Kf3 Rb2 36. h4 h5 37. Ra6+ Kf7 38. Ra4 Rc2 39. b4 Rb2 40. a3 Kg6 41. Ra5 Rb3 42. b5 Kh7 43. a4 Rb4 44.
Ra6 g6 45. b6 Kh6 46. a5 Rb5 47. Ra7 1-0

[Event "*** Titled Tuesday Blitz"]
[Site "Chess.com"]
[Date "2021.02.09"]
[Round "8"]
[White "esapunov"]
[Black "TST2014"]
[Result "1-0"]
[WhiteElo "2734"]
[BlackElo "2580"]
[TimeControl "180+1"]
[EndTime "11:29:20 PST"]
[Termination "esapunov won by checkmate"]

1. c4 Nf6 2. Nf3 b6 3. Nc3 Bb7 4. g3 g6 5. Bg2 Bg7 6. O-O O-O 7.
d3 c5 8. e4 d6 9. a3 Nbd7 10.
Rb1 e6 11. b4 Rb8 12. Bf4 e5 13. Bg5 h6 14. Bd2 Kh7 15. Nh4 Ne8 16. Qe2 Nc7 17. Nd5 Ne6 18. Nf3 f5 19. exf5 gxf5 20. Nh4 Nd4 21. Qd1 Nf6 22. Bc3 Bxd5 23. cxd5 Qd7 24. Bxd4 cxd4 25. Rc1 Rbc8 26. Rc6 e4 27. dxe4 Nxe4 28.
Qc2 Kg8 29. Nxf5 Qxf5 30. Bxe4 Qd7 31. Qd3 Rce8 32. Bg2 Kh8 33. h4 Re7 34. b5 Ref7 35.
a4 Qe7 36. Rc2 Be5 37. Re2 Qc7 38. f4 Bg7 39. Re6 Qc5 40. Kh2 Qc3 41. Qg6 d3 42. Be4 Bd4 43. Bxd3 Qxd3 44. Qxd3 Bg1+ 45. Rxg1 Rxf4 46.
gxf4 Rxf4 47. Rxh6# 1-0

[Event "*** Titled Tuesday Blitz"]
[Site "Chess.com"]
[Date "2021.02.09"]
[Round "8"]
[White "rogapa"]
[Black "FlySooHigh"]
[Result "0-1"]
[WhiteElo "2723"]
[BlackElo "2601"]
[TimeControl "180+1"]
[EndTime "11:29:20 PST"]
[Termination "FlySooHigh won on time"]

1. e4 c5 2. Nf3 d6 3. d4 cxd4 4. Nxd4 Nf6 5. Nc3 g6 6. Be3 Bg7 7. f3 O-O 8. Qd2 Nc6 9. O-O-O d5 10. Nxc6 bxc6 11. Bh6 Bxh6 12. Qxh6 Qb6 13. e5 Nd7 14.
Re1 Rb8 15. Nd1 Qa5 16. Re3 d4 17. Re4 Rd8 18. e6 f5 19. exd7 fxe4 20. Bc4+ Kh8 21.
dxc8=R Rbxc8 22. fxe4 Rf8 23. Qh4 Qe5 24. Re1 c5 25. b3 a5 26. a4 d3 27. cxd3 Rf6 28. Re2 Rcf8 29. Kc2 Rf1 30. Nb2 Qd4 31. Rd2 R1f2 32.
Nd1 Rf1 33. Qg3 Qa1 34. d4 Qa2+ 35. Kd3 Qb1+ 36. Ke3 Rxd1 37. Qe5+ Rf6 0-1

[Event "*** Titled Tuesday Blitz"]
[Site "Chess.com"]
[Date "2021.02.09"]
[Round "8"]
[White "Chessbard1972"]
[Black "LEGENYA1998"]
[Result "0-1"]
[WhiteElo "2386"]
[BlackElo "2264"]
[TimeControl "180+1"]
[EndTime "11:29:20 PST"]
[Termination "LEGENYA1998 won on time"]

1. d4 c6 2. c4 d5 3. Nf3 Nf6 4. Nc3 e6 5. Bg5 Nbd7 6. cxd5 exd5 7. e3 Bd6 8. Qc2 O-O 9. Bd3 h6 10. Bh4 Re8 11. O-O-O Qa5 12. Kb1 b5 13. g4 b4 14.
Na4 Bb7 15. g5 hxg5 16. Nxg5 c5 17. Nxc5 Nxc5 18. dxc5 Qxc5 19. Qe2 b3 20. a3 Rac8 21. Rc1 Qa5 22. Rhg1 d4 23. Nxf7 Kxf7 24. Bxf6 Rxc1+ 25. Kxc1 Rc8+ 26. Kb1 Kxf6 27. Rg6+ Kf7 28. Rxd6 Qc5 29. Bc4+ Qxc4 30. Qxc4+ Rxc4 31. Rd7+ Kf6 32. Rxb7 dxe3 33. fxe3 Rh4 34. Rxb3 Rxh2 35. Rb7 g5 36. Rxa7 Re2 37. a4 g4 38. Ra6+ Kf5 39. Ra8 Rxe3 40. Rg8 Kf4 0-1

[Event "*** Titled Tuesday Blitz"]
[Site "Chess.com"]
[Date "2021.02.09"]
[Round "8"]
[White "ARTHURMOTIVATOR"]
[Black "BairaKovanova"]
[Result "1-0"]
[WhiteElo "2301"]
[BlackElo "2465"]
[TimeControl "180+1"]
[EndTime "11:29:20 PST"]
[Termination "ARTHURMOTIVATOR won on time"]

1. e4 e5 2. Nc3 d6 3. g3 Nf6 4. Bg2 Be7 5. Nge2 Nc6 6. O-O Bg4 7. h3 Bh5 8. f4 exf4 9. gxf4 Qd7 10. d4 Bxe2 11.
Nxe2 d5 12. exd5 Nxd5 13. Nc3 Nf6 14. d5 Bc5+ 15. Kh2 Ne7 16. Ne4 Nxe4 17. Bxe4 O-O-O 18. c4 Nf5 19. b4 Be7 20. c5 g6 21. Qc2 Nd4 22. Qc4 f5 23. Bg2 Bf6 24. Bb2 Rhe8 25. Bxd4 Bxd4 26. Qxd4 Re2 27. Rf2 Rde8 28. Rxe2 Rxe2 29.
c6 bxc6 30. Qxa7 Kd8 31. Rd1 cxd5 32. Qa8+ Ke7 33. Qxd5 Qxd5 34. Rxd5 Rxa2 35. Rc5 1-0

[Event "*** Titled Tuesday Blitz"]
[Site "Chess.com"]
[Date "2021.02.09"]
[Round "8"]
[White "SergeiAza"]
[Black "Marty435"]
[Result "1-0"]
[WhiteElo "2759"]
[BlackElo "2602"]
[TimeControl "180+1"]
[EndTime "11:29:21 PST"]
[Termination "SergeiAza won on time"]

1. e4 e6 2. d4 d5 3. Nd2 c5 4. Ngf3 cxd4 5. Nxd4 Nc6 6. Bb5 Bd7 7. Nxc6 bxc6 8.
Bd3 Qc7 9. Qe2 Ne7 10. Nf3 Ng6 11. O-O Be7 12. c4 dxe4 13. Qxe4 f5 14. Qe2 e5 15. Ng5 e4 16. Bc2 O-O 17. Nxh7 Kxh7 18. Qh5+ Kg8 19.
Qxg6 Rf6 20. Qh5 Be8 21. Qh3 Bd6 22. c5 Bxc5 23. Bg5 Rf8 24. Rac1 Bb6 25. Rfd1 a5 26.
Qh4 Qa7 27. Qg3 Bf7 28. Bf4 g6 29. Bb3 Rfd8 30. Bxf7+ Kxf7 31. h4 Rxd1+ 32. Rxd1 Rd8 33. Rxd8 Bxd8 34. Qb3+ Kf8 35. Qe6 Qd4 36. Bh6+ 1-0

[Event "*** Titled Tuesday Blitz"]
[Site "Chess.com"]
[Date "2021.02.09"]
[Round "8"]
[White "Xeniya2005"]
[Black "anantone"]
[Result "0-1"]
[WhiteElo "2348"]
[BlackElo "2555"]
[TimeControl "180+1"]
[EndTime "11:29:21 PST"]
[Termination "anantone won by checkmate"]

1. e4 e6 2. d4 d5 3. Nd2 Nf6 4.
e5 Nfd7 5. Bd3 c5 6. c3 Nc6 7. Ne2 cxd4 8. cxd4 f6 9. f4 Qb6 10.
Nf3 Bb4+ 11. Bd2 O-O 12. Rc1 fxe5 13. fxe5 Rxf3 14. gxf3 Nxd4 15. Nxd4 Qxd4 16. Bxb4 Qxb4+ 17. Qd2 Nxe5 18. Be2 Qh4+ 19. Kd1 Bd7 20. Qe3 Nc6 21. Bd3 Rf8 22. Ke2 Nd4+ 23. Kd2 Rxf3 24. Qe5 Qf2+ 25.
Kc3 Ne2+ 26. Kc2 Nxc1+ 27. Kxc1 Rxd3 28. Qc7 Be8 29. Qxb7 Rd2 30. Qc8 Kf8 31. Qc3 Rd4 32. Kb1 Rc4 33. Qa3+ Kg8 34. Qe7 Qc2+ 35. Ka1 Qc1+ 36.
Rxc1 Rxc1# 0-1

[Event "*** Titled Tuesday Blitz"]
[Site "Chess.com"]
[Date "2021.02.09"]
[Round "8"]
[White "djano"]
[Black "Mr_Sinigami"]
[Result "0-1"]
[WhiteElo "2473"]
[BlackElo "2641"]
[TimeControl "180+1"]
[EndTime "11:29:22 PST"]
[Termination "Mr_Sinigami won by resignation"]

1. c4 Nf6 2. Nc3 g6 3. g3 Bg7 4.
Bg2 O-O 5. e4 d6 6. Nge2 e5 7. O-O Nc6 8. h3 Nd7 9. d3 Nc5 10. f4 f5 11. Be3 Nd4 12. Qd2 Nce6 13. Kh2 c6 14. Rf2 Bd7 15. Raf1 Qe7 16. b3 a6 17. exf5 Nxf5 18. fxe5 Nxe3 19. Qxe3 Rxf2 20.
Rxf2 dxe5 21. Ne4 Nd4 22. N2c3 Rf8 23. c5 h6 24. g4 Rf4 25. Nd6 Qf8 26. Kg1 b5 27. Nce4 Be6 28. Qe1 Bd5 29. Qe3 a5 30. Qe1 a4 31. bxa4 bxa4 32. a3 Bb3 33. Qe3 Nc2 34. Qe2 Nxa3 35. g5 hxg5 36. Nxg5 Nc2 37. Rxf4 Qxf4 38. Nde4 a3 39. Qd1 a2 0-1

[Event "*** Titled Tuesday Blitz"]
[Site "Chess.com"]
[Date "2021.02.09"]
[Round "8"]
[White "AlexTriapishko"]
[Black "chessdjw"]
[Result "1-0"]
[WhiteElo "2865"]
[BlackElo "2651"]
[TimeControl "180+1"]
[EndTime "11:29:23 PST"]
[Termination "AlexTriapishko won by checkmate"]

1. d4 Nf6 2. c4 g6 3. Nc3 d5 4. Bf4 Bg7 5. e3 O-O 6. Nf3 c5 7. dxc5 Ne4 8. Rc1 Nd7 9. cxd5 Qa5 10. Be2 Nxc3 11. bxc3 Bxc3+ 12. Kf1 Nxc5 13. h4 Bd7 14. Kg1 Ba4 15. Qf1 Ne4 16. Bd3 Nf6 17. e4 h5 18. Ne5 Rac8 19. Nc4 Qb4 20. a3 Qb3 21. Rh3 Ng4 22. Be2 Bd4 23. Rxb3 Bxf2+ 24. Kh1 Bxb3 25. Bxg4 hxg4 26. Qxf2 Bxc4 27. h5 gxh5 28. Bh6 Rfe8 29. Qd4 f6 30. Rxc4 Kf7 31. d6 exd6 32. Qd5+ Kg6 33. Rxc8 Rxc8 34. Qf5+ Kxh6 35. Qxf6+ Kh7 36. Qf5+ Kh6 37. Qxc8 Kg6 38. Qf5+ Kg7 39. Qd5 Kh6 40. Qxd6+ Kg5 41. Qe5+ Kh4 42. Qf6+ Kg3 43. Kg1 b5 44. Qf2# 1-0

[Event "*** Titled Tuesday Blitz"]
[Site "Chess.com"]
[Date "2021.02.09"]
[Round "8"]
[White "ChessFighter1975"]
[Black "floplover"]
[Result "0-1"]
[WhiteElo "2410"]
[BlackElo "2305"]
[TimeControl "180+1"]
[EndTime "11:29:23 PST"]
[Termination "floplover won by resignation"]

1. d4 d5 2. c4 e6 3. Nc3 Bb4 4. cxd5 exd5 5. g3 Nf6 6. Bg2 O-O 7. Qb3 a5 8. a3 Bxc3+ 9. Qxc3 a4 10. Nh3 Bxh3 11. Bxh3 Re8 12. O-O Nc6 13. e3 Na5 14.
Qc2 Nb3 15. Rb1 Ne4 16. Bg2 Qd7 17. f3 Nd6 18. Kh1 c6 19. Rd1 Nc4 20. Qd3 Nxc1 21. Rdxc1 Rxe3 22. Qd1 b5 23. Rc2 Rae8 24. Bf1 Qf5 25.
Bxc4 dxc4 26. Rf2 Rd3 27. Qf1 Rxd4 28. Re1 Rxe1 29. Qxe1 Qd7 30. Kg2 h6 31. Qe5 Rd3 32.
Qb8+ Kh7 33. Qe5 Qd5 34. Qe8 h5 35. h4 g6 36. Qe7 Kg7 37. Qe8 Qf5 38. Qe2 Qf6 39.
Qe4 Qd4 40. Qe7 Qd5 41. Qe3 Rxe3 0-1